 Dungeon Crawl Stone Soup version 0.31-a0-949-g57150269e1 (webtiles) character file.

Game seed: 7043247388924451757

422 Getoffmy the Conjurer (level 6, -5/36 HPs)
             Began as an Octopode Conjurer on Oct 23, 2023.
             Slain by Pikel
             ... wielding a +1 whip of electrocution
              (8 damage)
             ... on level 4 of the Dungeon.
             The game lasted 00:07:30 (3454 turns).

Getoffmy the Conjurer (Octopode Conjurer)           Turns: 3454, Time: 00:07:31

Health: -5/36      AC:  3    Str:  7    XL:     6   Next: 95%
Magic:  2/11       EV: 13    Int: 25    God:
Gold:   152        SH:  0    Dex: 10    Spells: 9/12 levels left

rFire   . . .        o - +1 trident (holy)
rCold   . . .        (no shield)
rNeg    . . .        k - +2 hat {Int+3}
rPois   .            (no amulet)
rElec   .            (no ring)
rCorr   .            (no ring)
SInv    .            (no ring)
Will    .....        (no ring)
Stlth   +++          (no ring)
HPRegen 0.26/turn    (no ring)
MPRegen 0.12/turn    (no ring)
                     (no ring)

%: no passive effects
@: no status effects
A: almost no armour, amphibious, 8 rings, camouflage 1, gelatinous body 1,
(nimble swimmer 1), tentacles
a: no special abilities


You were on level 4 of the Dungeon.
You visited 1 branch of the dungeon, and saw 4 of its levels.

You collected 152 gold pieces.

Inventory:

Hand Weapons
 c - a +0 vampiric whip
 o - a +1 trident of holy wrath (weapon)
Missiles
 i - 65 stones
 j - 5 boomerangs
 p - 6 poisoned darts
Armour
 k - a +2 hat of intelligence (worn)
Magical Staves
 t - a staff of fire
Jewellery
 g - a ring of willpower
Scrolls
 b - a scroll of teleportation
 d - a scroll of poison
 e - a scroll of noise
Potions
 a - a potion of magic
 f - 4 potions of curing
 l - 2 potions of haste
 q - 2 potions of brilliance


   Skills:
 + Level 2.4 Polearms
 - Level 2.0 Dodging
 - Level 4.0 Stealth
 + Level 3.6 Spellcasting
 * Level 6.3 Conjurations


You had 9 spell levels left.
You knew the following spells:

 Your Spells              Type           Power      Damage    Failure   Level
a - Magic Dart            Conj           100%       1d8       1%          1
b - Searing Ray           Conj           72%        2d7       1%          2

Your spell library contained the following spells:

 Spells                   Type           Power      Damage    Failure   Level
 Dazzling Flash           Conj/Hex       40%        N/A       8%          3
 Apportation              Tloc           8%         N/A       10%         1
 Necrotise                Necr           16%        1d4       10%         1
 Summon Small Mammal      Summ           16%        N/A       10%         1
 Fulminant Prism          Conj/Hex       10%        3d9       26%         4
 Iskenderun's Mystic Bla  Conj/Tloc      20%        2d6       26%         4
 Vampiric Draining        Necr           4%         2d6       28%         3
 Agony                    Necr           4%         N/A       95%         5


Dungeon Overview and Level Annotations

Branches:
Dungeon (4/15)             Temple (0/1) D:4

Altars:
Ashenzari
Elyvilon
Kikubaaqudgha
Okawaru
Wu Jian

Shops:
D:3 :

Annotations:
D:4 Ijyb, Natasha, Pikel


Innate Abilities, Weirdness & Mutations

You cannot wear most types of armour.
You are amphibious.
You can wear up to eight rings at the same time.
Your skin changes colour to match your surroundings (Stealth+).
Your rubbery body absorbs attacks. (AC +1, EV +1)
((You are camouflaged when in or above water. (Stealth+)))
You have tentacles for arms and can constrict up to eight enemies at once.


Message History

Pikel is moderately wounded.
The searing ray hits the lemure.
The lemure is lightly wounded.
You finish channelling your searing ray.
Pikel misses you.
Pikel hits you with a +1 whip of electrocution!
You are electrocuted!
Pikel hits you with a +1 whip of electrocution.
* * * LOW HITPOINT WARNING * * *
Casting: Searing Ray (safe; 1% risk of failure)
Confirm with . or Enter, or press ? or * to list all spells.
Aiming: Searing Ray (safe; 1% risk of failure)
Press: ? - help, Shift-Dir - straight line, f/p - Pikel
Aim: Pikel, wielding a +1 whip of electrocution and wearing a +0 robe (moderately wounded, 76% to hit)
The searing ray hits Pikel but does no damage.
Pikel is moderately wounded.
The searing ray hits the lemure.
The lemure is moderately wounded. (Press . to maintain the ray.) Pikel hits you with a +1 whip of electrocution.
* * * LOW HITPOINT WARNING * * *
The searing ray hits Pikel.
Pikel is moderately wounded.
The searing ray hits the lemure!
The lemure is heavily wounded.
Pikel hits you with a +1 whip of electrocution.
* * * LOW HITPOINT WARNING * * *
Unknown command.
The searing ray hits Pikel.
Pikel is heavily wounded.
The searing ray misses the lemure.
Pikel barely misses you.
You aren't carrying any items that you can evoke.
The searing ray hits Pikel.
Pikel is heavily wounded.
The searing ray hits the lemure but does no damage.
The lemure is heavily wounded.
You finish channelling your searing ray.
Pikel hits you with a +1 whip of electrocution!
You die...
Pikel says, "Another soul for the market."

*,,#+#......#.##
###..####
*,,......<..#.####
##....<
***........#.....#
##.#.#
*****...#.####.###.#
##.#.#
****,,,,.....* #..#
*,* ###..#..
*,,,>,,,.).#** #.##
*,* #...####
*,,,,,,,...*
##.##*#+###.### #.
*,,,,,,,..,*
#...##≈≈≈##.#####.
**,,,,,,,,,,*
#@#..'§§≈+.....##.
*,,,,,,,,,,,*
#K####≈≈≈#........
,,*********** #5#
*#+##.....##. ,**
##S# #....######. ,*
##..# #####* **#. ,*
#.o## **,.. ,* #.##
**********,,#. **
#5# ***,,,,,,,,,,*#.
********* #.#
*,,,**********#.


You could see Pikel, a lemure, an adder and an orc.

Vanquished Creatures
  Menkaure (D:4)
  An ogre (D:4)
  A lemure (D:4)
  The ghost of Farjai the Sneak, a weakling DsWn (D:3)
  A hound (D:4)
  An orc wizard (D:3)
  2 adders
  3 gnolls (D:2)
  A worm (D:2)
  2 dart slugs
  3 orcs (D:3)
  3 ball pythons
  5 endoplasms
  9 goblins
  3 hobgoblins
  2 jackals (D:2)
  A quokka (D:1)
  4 bats
  6 frilled lizards
  11 kobolds
  9 rats
70 creatures vanquished.

Notes
Turn   | Place    | Note
-------+----------+-------------------------------------------
     0 | D:1      | Getoffmy the Octopode Conjurer began the quest for the Orb.
     0 | D:1      | Reached XP level 1. HP: 11/11 MP: 3/3
   379 | D:1      | Reached XP level 2. HP: 17/17 MP: 5/5
  1063 | D:2      | Reached XP level 3. HP: 21/21 MP: 0/6
  1222 | D:2      | Learned a level 2 spell: Searing Ray
  1466 | D:2      | Reached XP level 4. HP: 27/27 MP: 3/7
  1621 | D:2      | Reached skill level 5 in Conjurations
  1934 | D:3      | Found an ancient bone altar of Kikubaaqudgha.
  1957 | D:3      | Found a runed translucent door.
  1957 | D:3      | Noticed Farjai's ghost (weakling DsWn)
  2002 | D:3      | Found an iron altar of Okawaru.
  2174 | D:3      | Reached skill level 1 in Polearms
  2174 | D:3      | Reached XP level 5. HP: 14/31 MP: 2/9
  2298 | D:3      | Found a broken altar of Ashenzari.
  2356 | D:3      | Found Deabodgh's Book Emporium.
  2481 | D:3      | Found a white marble altar of Elyvilon.
  2543 | D:3      | Found a faded altar of an unknown god.
  2663 | D:3      | Killed Farjai's ghost
  3014 | D:4      | Noticed an ogre
  3026 | D:4      | Killed an ogre
  3027 | D:4      | Reached XP level 6. HP: 36/36 MP: 3/10
  3200 | D:4      | Reached skill level 6 in Conjurations
  3273 | D:4      | Identified the +0 ring mail "Wuven" {Drain rN+ Dex+3
                  | Stlth+}
  3278 | D:4      | Noticed Menkaure
  3286 | D:4      | Killed Menkaure
  3404 | D:4      | Found an ornate altar of the Wu Jian Council.
  3433 | D:4      | Noticed Pikel
  3434 | D:4      | Noticed Ijyb
  3434 | D:4      | Noticed Natasha
  3454 | D:4      | Slain by Pikel

Illustrated notes

Levels and vault maps discovered:
D:1:      dpeg_arrival_concentric_ovals, layout_basic
D:2:      layout_basic, minmay_misc_feat_rows, kennysheep_potato
D:3:      layout_rooms, nicolae_ashenzari_panopticon,
          mainiacjoe_overflow_alcove_1, okawaru_altar_gauntlet_db,
          general_overflow_altar, serial_shops, nicolae_shop_rolling_square,
          gammafunk_ghost_grave, shapermc_ecumenical_altar_acropolis
D:4:      layout_rooms, kennysheep_mini_moat,
          minmay_temple_entry_drinking_statues, minmay_liquid_box, minivault_23,
          uniq_pikel, uniq_menkaure, uniq_ijyb, uniq_natasha

Skill      XL: |  1  2  3  4  5  6 |
---------------+-------------------+-----
Stealth        | 3 4 |  4.0
Conjurations   | 5 6 |  6.3
Polearms       | 1 2 |  2.4
Spellcasting   | 3 |  3.6
Dodging        | |  2.0

Action                     |  1- 3 |  4- 6 || total
---------------------------+-------+-------++-------
  Melee: Unarmed           |    17 |       ||    17
         Constrict         |     8 |     8 ||    16
         Tentacles         |     5 |     6 ||    11
         Dagger            |    18 |     1 ||    19
         Trident           |       |    60 ||    60
   Cast: Magic Dart        |    24 |     9 ||    33
         Searing Ray       |     1 |     9 ||    10
    Use: Scroll            |       |    12 ||    12
   Stab: Sleeping          |     7 |     9 ||    16
 Armour: Skin              |    13 |    35 ||    48
  Dodge: Dodged            |    30 |    37 ||    67

Table legend: (Time is in decaauts)
 A = Elapsed time spent in this place.
 B = Non-inter-level travel time spent in this place.
 C = Inter-level travel time spent in this place.
 D = Time resting spent in this place.
 E = Time spent auto-exploring this place.
 F = Levels seen in this place.
 G = Mean time per level.
                   A        B        C        D        E       F      G
               +--------+--------+--------+--------+--------+-----+--------+
         Total |   3495 |   3112 |    383 |    804 |   1727 |   4 |  873.8 |
       Dungeon |   3495 |   3112 |    383 |    804 |   1727 |   4 |  873.8 |
               +--------+--------+--------+--------+--------+-----+--------+

Top non-repeatable levels by time:
     D:1: 1145 daAuts
     D:3: 921 daAuts
     D:2: 771 daAuts
     D:4: 657 daAuts
